[Event "ICC tourney 2069 (15 5)"]
[Site "Internet Chess Club"]
[Date "2020.10.18"]
[Round "3"]
[White "MikeVillages57"]
[Black "MYMChessWyatt"]
[Result "0-1"]
[ICCResult "White checkmated"]
[WhiteElo "1293"]
[BlackElo "1218"]
[Opening "Sicilian: closed"]
[ECO "B23"]
[NIC "SI.44"]
[Time "14:09:17"]
[TimeControl "900+5"]

1. e4 c5 2. Nc3 d6 3. g3 e6 4. Bg2 a6 5. d3 b5 6. a4 b4 7. Nce2 Bb7 8. f4
Nd7 9. Nf3 Ngf6 10. h3 Be7 11. b3 O-O 12. O-O d5 13. e5 Ne8 14. g4 Rc8 15.
Ng3 Nc7 16. Bb2 d4 17. Bc1 Nd5 18. f5 Nc3 19. Qd2 Bxf3 20. Rxf3 Nxe5 21. Rf1
h6 22. Bb2 Bg5 23. Qe1 Be3+ 24. Kh2 Nd5 25. Bc1 Qh4 26. Bf3 Nf4 27. Bg2
Nxg4+ 28. Kh1 Nxh3 29. Bxe3 Nhf2+ 30. Kg1 Qh2# {White checkmated} 0-1

[Event "ICC tourney 2069 (15 5)"]
[Site "Internet Chess Club"]
[Date "2020.10.18"]
[Round "3"]
[White "Futurebus"]
[Black "Yeeterino0103"]
[Result "1-0"]
[ICCResult "Black checkmated"]
[WhiteElo "1424"]
[BlackElo "1303"]
[Opening "Scandinavian (center counter) defense"]
[ECO "B01"]
[NIC "SD.01"]
[Time "14:09:49"]
[TimeControl "900+5"]

1. e4 d5 2. exd5 Qxd5 3. Nc3 Qa5 4. d4 c6 5. Nf3 Nf6 6. Bc4 Bf5 7. O-O e6 8.
Bf4 h6 9. Qe2 Be7 10. Ne5 O-O 11. a3 Nbd7 12. b4 Qd8 13. Rad1 Nb6 14. Bb3 a5
15. bxa5 Rxa5 16. a4 Nfd5 17. Nxd5 cxd5 18. Bd2 Ra8 19. Qb5 f6 20. Nf3 Qc7
21. Bb4 Bxb4 22. Qxb4 Bxc2 23. Rc1 Qd7 24. Rxc2 Nxa4 25. Bxa4 Rxa4 26. Qb6
Rfa8 27. Rc7 R8a6 28. Qxb7 Qd6 29. Rxg7+ Kh8 30. Rh7+ Kg8 31. Qg7#
{Black checkmated}
1-0

[Event "ICC tourney 2069 (15 5)"]
[Site "Internet Chess Club"]
[Date "2020.10.18"]
[Round "3"]
[White "pranavchalla"]
[Black "akhilv"]
[Result "0-1"]
[ICCResult "White checkmated"]
[WhiteElo "1311"]
[BlackElo "939"]
[Opening "Sicilian: closed, 2...Nc6"]
[ECO "B23"]
[NIC "SI.44"]
[Time "14:09:49"]
[TimeControl "900+5"]

1. e4 c5 2. Nc3 Nc6 3. Bc4 Nf6 4. Nf3 e6 5. O-O Na5 6. b3 Nxc4 7. bxc4 Be7
8. Ba3 O-O 9. Ne5 Bd6 10. f4 Re8 11. d4 b6 12. dxc5 Bxc5+ 13. Bxc5 bxc5 14.
Nb5 Nxe4 15. Re1 Bb7 16. Nxd7 Re7 17. Nf6+ Nxf6 18. Nd6 Bc6 19. Nb7 Rxb7 20.
Qxd8+ Rxd8 21. Red1 Rxd1+ 22. Rxd1 h6 23. g4 Nxg4 24. Rd8+ Kh7 25. h3 Rb1+
26. Rd1 Rxd1# {White checkmated} 0-1

[Event "ICC tourney 2069 (15 5)"]
[Site "Internet Chess Club"]
[Date "2020.10.18"]
[Round "3"]
[White "Nani123"]
[Black "rhohn"]
[Result "1-0"]
[ICCResult "Black forfeits on time"]
[WhiteElo "1022"]
[BlackElo "953"]
[Opening "Giuoco Pianissimo"]
[ECO "C55"]
[NIC "IG.01"]
[Time "14:09:27"]
[TimeControl "900+5"]

1. e4 e5 2. Nf3 Nc6 3. Bc4 Nf6 4. d3 Bc5 5. Bg5 h6 6. Bh4 O-O 7. Nc3 d6 8.
Nd5 Na5 9. Nxf6+ gxf6 10. Bb3 Nxb3 11. axb3 Kh7 12. Nd2 Rg8 13. Qf3 Rg6 14.
O-O Bg4 15. Qg3 Be2 16. Qh3 Bxf1 17. Rxf1 Qg8 18. Bg3 Qg7 19. Kh1 c6 20. Nf3
d5 21. Nh4 Rg4 22. Nf5 Qg6 23. f3 Rg5 24. Bh4 dxe4 25. dxe4 Rg8 26. Bxg5
Qxg5 27. g3 Kg6 28. c3 h5 29. b4 Bb6 30. Ne7+ Kh6 31. Nxg8+ Qxg8 32. g4 Kg7
33. Qxh5 Kf8 34. Qh6+ Ke7 35. Qh3 Qd8 36. Qg2 Qd3 37. h4 Be3 38. h5 Ke6 39.
Qh3 Bh6 40. g5+ {Black forfeits on time} 1-0

[Event "ICC tourney 2069 (15 5)"]
[Site "Internet Chess Club"]
[Date "2020.10.18"]
[Round "3"]
[White "musk6868"]
[Black "saathvikdasari"]
[Result "1-0"]
[ICCResult "Black resigns"]
[WhiteElo "2063"]
[BlackElo "1320"]
[Opening "French: Tarrasch, open variation, main line"]
[ECO "C09"]
[NIC "FR.22"]
[Time "14:09:19"]
[TimeControl "900+5"]

1. e4 e6 2. d4 d5 3. Nd2 c5 4. Ngf3 Nc6 5. exd5 exd5 6. dxc5 Bxc5 7. Nb3 Bb6
8. Be2 Nf6 9. O-O O-O 10. Bg5 Be6 11. Nbd4 Rc8 12. c3 Nxd4 13. Nxd4 h6 14.
Bh4 Bc7 15. Bf3 Bxh2+ 16. Kxh2 Ng4+ 17. Bxg4 Qxh4+ 18. Bh3 g5 19. Nxe6 fxe6
20. Qg4 Qxg4 21. Bxg4 Rce8 22. f3 Kg7 23. Rfe1 Rf6 24. Bh5 Re7 25. Rad1 Kf8
26. Rd4 a5 27. Re5 b5 28. g3 Kg7 29. f4 Rf5 30. Rxf5 exf5 31. Bf3 g4 32. Bd1
Re1 33. Rxd5 Kf6 34. Kg2 Ke6 35. Rd8 Ke7 36. Rd2 Kf6 37. Be2 b4 38. c4 Ra1
39. b3 Ke6 40. Bd1 Rc1 41. Bc2 Re1 42. Kf2 Rh1 43. Kg2 Re1 44. Bd1 Kf6 45.
c5 Re7 46. Rd6+ Kf7 47. Rxh6 Kg7 48. Rd6 Rc7 49. c6 Kf7 50. Bc2 {Black
resigns} 1-0

[Event "ICC tourney 2069 (15 5)"]
[Site "Internet Chess Club"]
[Date "2020.10.18"]
[Round "3"]
[White "Camrynz1"]
[Black "Tacticsguy52"]
[Result "0-1"]
[ICCResult "White resigns"]
[WhiteElo "1498"]
[BlackElo "1878"]
[Opening "Queen's pawn game, Darooha variation "]
[ECO "D02"]
[NIC "QP.08"]
[Time "14:09:40"]
[TimeControl "900+5"]

1. d4 d5 2. Nf3 Nf6 3. g3 e6 4. Bg2 c5 5. O-O Be7 6. c4 O-O 7. Bf4 Nc6 8. e3
dxc4 9. Nbd2 Nd5 10. Nxc4 Nb6 11. Nfe5 Nxc4 12. Nxc4 g5 13. d5 Nb4 14. d6
gxf4 15. dxe7 Qxe7 16. exf4 Rd8 17. Qg4+ Kh8 18. Qh5 Bd7 19. Ne5 Be8 20. Qh3
f6 21. Nc4 Bg6 22. Rae1 Re8 23. f5 Bxf5 24. Qxf5 exf5 25. Rxe7 Rxe7 26. a3
Nc2 27. Rc1 Re1+ 28. Rxe1 Nxe1 29. Bxb7 Rb8 30. Nd6 Nd3 31. b3 Nc1 32. b4
cxb4 33. axb4 Nd3 34. b5 f4 35. Be4 Nc5 36. Bc6 fxg3 37. fxg3 a6 38. Ne8
axb5 39. Nxf6 b4 40. Nd5 b3 41. Nc3 b2 42. Kg2 b1=Q 43. Nxb1 Rxb1 44. Bd5
Rb2+ 45. Kh3 Nd3 46. g4 Nf4+ {White resigns} 0-1

[Event "ICC tourney 2069 (15 5)"]
[Site "Internet Chess Club"]
[Date "2020.10.18"]
[Round "3"]
[White "Legolas08"]
[Black "cooljay"]
[Result "0-1"]
[ICCResult "White resigns"]
[WhiteElo "1673"]
[BlackElo "2061"]
[Opening "Queen's Indian defense"]
[ECO "E12"]
[NIC "QI.02"]
[Time "14:09:18"]
[TimeControl "900+5"]

1. d4 Nf6 2. c4 e6 3. Nf3 b6 4. b3 Ba6 5. g3 d5 6. Ne5 c5 7. Ba3 Nbd7 8. Bg2
Bd6 9. Nxd7 Qxd7 10. cxd5 exd5 11. dxc5 Be5 12. Nd2 Bxa1 13. Qxa1 Qe7 14.
O-O bxc5 15. Rc1 Rc8 16. Bh3 Rc7 17. b4 O-O 18. bxc5 Qxe2 19. Bf1 Qxd2 20.
Bxa6 Qa5 21. Qe5 Qxa3 22. Rc3 Ng4 23. Qxg7+ Kxg7 24. Rxa3 Rxc5 {White
resigns} 0-1

[Event "ICC tourney 2069 (15 5)"]
[Site "Internet Chess Club"]
[Date "2020.10.18"]
[Round "3"]
[White "AdityaBang"]
[Black "WCCJCM"]
[Result "0-1"]
[ICCResult "White resigns"]
[WhiteElo "1352"]
[BlackElo "1536"]
[Opening "Sicilian: Smith-Morra gambit"]
[ECO "B21"]
[NIC "SI.48"]
[Time "14:15:55"]
[TimeControl "900+5"]

1. e4 c5 2. d4 cxd4 3. c3 dxc3 4. Nxc3 Nc6 5. Nf3 d6 6. Be3 e6 7. Bc4 Be7 8.
Qd2 Nf6 9. O-O-O O-O 10. h4 a6 11. Rdg1 b5 12. Bd3 Bb7 13. g4 Rc8 14. g5
Nxe4 15. Nxe4 Ne5+ 16. Kb1 Nxf3 17. Qe2 Nxg1 18. Rxg1 d5 19. Nf6+ Bxf6 20.
gxf6 Qxf6 21. Bg5 Qd4 22. Be3 Qxh4 23. Qd1 d4 24. Bg5 Qxf2 25. Rf1 Qg3 26.
Bf4 Qh4 27. Be5 f6 28. Bxd4 Rfd8 29. Bb6 Rxd3 {White resigns} 0-1

[Event "ICC tourney 2069 (15 5)"]
[Site "Internet Chess Club"]
[Date "2020.10.18"]
[Round "3"]
[White "Vihaanchowdhary"]
[Black "skyler-kelly"]
[Result "0-1"]
[ICCResult "White checkmated"]
[WhiteElo "1501"]
[BlackElo "1483"]
[Opening "QGD Slav defense: exchange variation"]
[ECO "D13"]
[NIC "SL.01"]
[Time "14:09:39"]
[TimeControl "900+5"]

1. d4 d5 2. c4 c6 3. cxd5 cxd5 4. Nc3 Nc6 5. Nf3 Nf6 6. Bf4 Qb6 7. Rb1 Bf5
8. Rc1 Qxb2 9. e3 Ne4 10. Nxe4 Bxe4 11. Nd2 e6 12. Nxe4 dxe4 13. Bc4 Bb4+
14. Kf1 O-O 15. g3 Rad8 16. Kg2 e5 17. Bg5 Rd7 18. Qg4 Kh8 19. h4 f5 20. Qh5
exd4 21. Be6 Rd6 22. Bxf5 g6 23. Qh6 Rxf5 24. h5 Qxf2+ 25. Kh3 gxh5 26. Qxh5
Rg6 27. Rhf1 Rfxg5 28. Qxh7+ Kxh7 29. Rxf2 Rxg3+ 30. Kh2 Rxe3 31. Rg1 Rxg1
32. Kxg1 d3 33. Kf1 Re1+ 34. Kg2 d2 35. Kg3 Rg1+ 36. Kf4 d1=Q 37. a3 Rg4+
38. Kf5 e3 39. a4 exf2 40. a5 f1=Q+ 41. Ke6 Re4# {White checkmated} 0-1

[Event "ICC tourney 2069 (15 5)"]
[Site "Internet Chess Club"]
[Date "2020.10.18"]
[Round "3"]
[White "IAlwaysWin"]
[Black "danielbest"]
[Result "1-0"]
[ICCResult "Black checkmated"]
[WhiteElo "1951"]
[BlackElo "1652"]
[Opening "Nimzovich-Larsen attack: classical variation"]
[ECO "A01"]
[NIC "VO.08"]
[Time "14:09:44"]
[TimeControl "900+5"]

1. b3 d5 2. Bb2 Bf5 3. d3 e6 4. Nd2 Nf6 5. g3 c6 6. Bg2 Bg6 7. Ngf3 Nbd7 8.
Nh4 Bd6 9. O-O Qe7 10. e4 O-O 11. Re1 Bc7 12. e5 Ne8 13. Nxg6 hxg6 14. Nf3
Bb6 15. Bc1 f6 16. a4 Ba5 17. Ba3 c5 18. Re2 Bc3 19. exf6 gxf6 20. Rb1 Ba5
21. Nh4 Qf7 22. d4 g5 23. Nf3 Bb4 24. Bb2 cxd4 25. Nxd4 Nc7 26. Re3 Rae8 27.
Qe2 Bc5 28. Rf3 Ne5 29. Re3 Nc6 30. Rd3 Qg6 31. Rdd1 Kf7 32. Nb5 Nxb5 33.
axb5 Nd8 34. Bd4 b6 35. c3 Rh8 36. h3 Rh6 37. b4 Bd6 38. Re1 Reh8 39. c4
dxc4 40. Qxc4 Qf5 41. Rb3 Rxh3 42. Rf3 Qg4 43. Rxf6+ Ke7 44. Rfxe6+ Nxe6 45.
Bf6+ Kxf6 46. Qxg4 Nf4 47. gxf4 R3h4 48. Qe6+ Kg7 49. Qd7+ Kh6 50. Qxd6+ Kh5
51. Bf3+ g4 52. Re5# {Black checkmated} 1-0

[Event "ICC tourney 2069 (15 5)"]
[Site "Internet Chess Club"]
[Date "2020.10.18"]
[Round "3"]
[White "spellking98"]
[Black "moneymo"]
[Result "1-0"]
[ICCResult "Black resigns"]
[WhiteElo "2080"]
[BlackElo "1362"]
[Opening "Caro-Kann defense"]
[ECO "B10"]
[NIC "CK.01"]
[Time "14:09:44"]
[TimeControl "900+5"]

1. e4 c6 2. Nf3 b5 3. d4 Na6 4. a3 Nc7 5. Bd3 d6 6. O-O Bg4 7. h3 Bxf3 8.
Qxf3 e5 9. dxe5 dxe5 10. Nc3 a6 11. Be3 Ne6 12. Rfd1 Qc7 13. Bf1 Be7 14. Kh1
h5 15. a4 b4 16. Nb1 g5 17. a5 g4 18. Qe2 Nf6 19. Nd2 Nf4 20. Bxf4 exf4 21.
e5 Nd5 22. Nc4 Kf8 23. Qe4 gxh3 24. gxh3 h4 25. Qf5 Bc5 26. e6 Bxf2 27. Ne5
f6 28. Ng6+ Kg7 29. Nxh8 Kxh8 30. Bg2 f3 31. Bxf3 Qg3 32. Qh5+ Kg7 33. Qf7+
Kh6 34. Qh5+ Kg7 35. Qg4+ Kh6 36. Qxg3 hxg3 37. Bxd5 cxd5 38. Rxd5 Rc8 39.
Rd2 Kg5 40. Kg2 Re8 41. Re2 Re7 42. Rd1 f5 43. Rd7 Kf6 44. Rxe7 Kxe7 45. h4
f4 46. c3 bxc3 47. bxc3 Be3 48. Rxe3 fxe3 49. Kxg3 Kxe6 50. Kf3 Kd5 51. Kxe3
Kc4 52. h5 Kxc3 53. h6 Kb4 54. h7 Kxa5 55. h8=Q Ka4 56. Kd3 {Black resigns}
1-0

[Event "ICC tourney 2069 (15 5)"]
[Site "Internet Chess Club"]
[Date "2020.10.18"]
[Round "3"]
[White "OnseySeyon"]
[Black "arya2"]
[Result "1/2-1/2"]
[ICCResult "Game drawn by mutual agreement"]
[WhiteElo "1840"]
[BlackElo "1901"]
[Opening "QGA, Janowsky-Larsen variation"]
[ECO "D25"]
[NIC "QG.06"]
[Time "14:09:42"]
[TimeControl "900+5"]

1. d4 d5 2. Nf3 Nf6 3. c4 dxc4 4. e3 Bg4 5. Bxc4 e6 6. Nc3 a6 7. O-O Bd6 8.
e4 Bb4 9. Qa4+ Nc6 10. Ne5 Bxc3 11. bxc3 O-O 12. Nxc6 bxc6 13. f3 Bh5 14.
Qxc6 Qd6 15. Qxd6 cxd6 16. Ba3 Rfc8 17. Be2 Nxe4 18. fxe4 Bxe2 19. Rfc1 d5
20. exd5 exd5 21. Kf2 Bc4 22. Rc2 f6 23. Rb1 Rc7 24. Rb6 Rac8 25. Bc5 Kf7
26. a4 Re8 27. Rcb2 g5 28. Rb7 Re2+ 29. Kf3 Rxb7 30. Rxb7+ Kg6 31. g4 Rxh2
32. Bf8 f5 33. Bd6 Rh3+ 34. Kg2 Rxc3 35. gxf5+ Kxf5 36. Rxh7 Kg4 37. Rg7
Rc2+ 38. Kg1 Rc1+ 39. Kf2 Rf1+ 40. Kg2 Rf5 41. a5 Bd3 42. Be7 Be4+ 43. Kg1
Bd3 44. Kg2 Kf4 45. Rg8 Be4+ 46. Kf2 Kg4+ 47. Kg1 Bd3 48. Kg2 Kf4 49. Rg7
Ke3 50. Rxg5 Rf2+ 51. Kg1 Rf1+ 52. Kg2 Kxd4 53. Rg3 Rf7 54. Bd8 Kc3 55. Bb6
Kc4 56. Rg8 Be4+ 57. Kg1 d4 58. Rc8+ Kb5 {Game drawn by mutual agreement}
1/2-1/2

[Event "ICC tourney 2069 (15 5)"]
[Site "Internet Chess Club"]
[Date "2020.10.18"]
[Round "3"]
[White "chessprogidy"]
[Black "turtinator"]
[Result "0-1"]
[ICCResult "White resigns"]
[WhiteElo "1439"]
[BlackElo "1513"]
[Opening "Queen's pawn: London system"]
[ECO "A45"]
[NIC "QP.07"]
[Time "14:09:44"]
[TimeControl "900+5"]

1. d4 Nf6 2. Bf4 d6 3. Nf3 g6 4. h3 Bg7 5. e3 O-O 6. Be2 c5 7. c3 cxd4 8.
exd4 d5 9. O-O Nc6 10. Nbd2 Re8 11. Bd3 Nd7 12. Re1 e5 13. dxe5 Ndxe5 14.
Nxe5 Nxe5 15. Bxe5 Bxe5 16. Nf3 Bf4 17. Qb3 Re6 18. Nd4 Rb6 19. Qa4 Qg5 20.
Nf3 Qf6 21. Re8+ Kg7 22. Qa3 Bd6 23. b4 Bxb4 24. Qa4 Qxc3 25. Rd1 Re6 26.
Rd8 Bd6 27. Ng5 Re1+ 28. Rxe1 Qxe1+ 29. Bf1 Qe7 30. Qe8 Qxe8 31. Rxe8 Rb8
32. Nf3 Bf5 33. Re1 Rc8 34. Ra1 Bc5 35. a4 a5 36. Bb5 Bb6 37. Rd1 Be4 38.
Ne5 Rc2 39. Rf1 d4 40. Re1 Bf5 41. g4 Be6 42. Bd3 Rd2 43. Bb5 Bd5 44. Nc4
Bxc4 45. Bxc4 d3 46. Re7 Rxf2 47. Kh1 d2 48. Rd7 Rf4 49. Bb3 Bd4 50. Kg2 b6
51. Bd1 Rf2+ 52. Kg1 Bc5 53. Bc2 d1=Q+ 54. Bxd1 Rd2+ {White resigns} 0-1

[Event "ICC tourney 2069 (15 5)"]
[Site "Internet Chess Club"]
[Date "2020.10.18"]
[Round "3"]
[White "KukuCoolGuy05"]
[Black "Roger436"]
[Result "1-0"]
[ICCResult "Black checkmated"]
[WhiteElo "1629"]
[BlackElo "1706"]
[Opening "Sicilian defense"]
[ECO "B30"]
[NIC "SI.31"]
[Time "14:09:50"]
[TimeControl "900+5"]

1. e4 c5 2. Nf3 Nc6 3. Bc4 g6 4. c3 Bg7 5. d4 d6 6. Bb5 a6 7. Bxc6+ bxc6 8.
dxc5 Nf6 9. cxd6 Nxe4 10. Bf4 exd6 11. O-O O-O 12. Re1 d5 13. Nbd2 f5 14.
Qc2 Qb6 15. Re3 h6 16. h4 Bb7 17. c4 Rae8 18. Rb1 Qc5 19. b4 Qe7 20. c5 Qd8
21. Qb3 Nxd2 22. Nxd2 Qxh4 23. Bd6 Rxe3 24. Qxe3 Rc8 25. Qe6+ Kh7 26. Qd7
Qd4 27. Qxb7 Re8 28. Nf3 Qd3 29. Rf1 Qc3 30. Qxc6 Re2 31. Qxd5 Qc2 32. Qd1
Qxa2 33. Qb1 Qd5 34. Re1 Rb2 35. Qd1 Qc6 36. Re7 Kh8 37. Qe1 Rxb4 38. Qxb4
Qd5 39. Qb8+ Kh7 40. Rxg7+ Kxg7 41. Qf8+ Kh7 42. Be5 Qg8 43. Qe7+ Qg7 44.
Qxg7# {Black checkmated} 1-0

[Event "ICC tourney 2069 (15 5)"]
[Site "Internet Chess Club"]
[Date "2020.10.18"]
[Round "3"]
[White "Yeetamus123"]
[Black "blackjack721"]
[Result "1-0"]
[ICCResult "Black checkmated"]
[WhiteElo "1332"]
[BlackElo "1454"]
[Opening "Scandinavian (center counter) defense"]
[ECO "B01"]
[NIC "VO.17"]
[Time "14:09:46"]
[TimeControl "900+5"]

1. e4 d5 2. exd5 Qxd5 3. Nf3 Nf6 4. Nc3 Qd6 5. Bc4 Bg4 6. h3 Bd7 7. d4 Nc6
8. a3 Na5 9. Be2 c6 10. b4 e5 11. Nxe5 Be6 12. bxa5 Be7 13. Bf4 Qd8 14. a6
Qa5 15. Bd2 Qc7 16. axb7 Qxb7 17. Bf3 Nd5 18. Nxd5 cxd5 19. O-O Rd8 20. Rb1
Qc8 21. Bg4 O-O 22. f4 f5 23. Bh5 Rf6 24. c3 Rdf8 25. Qe1 Rh6 26. Bf3 Bd6
27. Qg3 Rff6 28. Qf2 Rxh3 29. gxh3 Rh6 30. Bg2 Rh5 31. Qe2 Qe8 32. Rb7 Bxe5
33. Qxe5 Bf7 34. Rb8 Qf8 35. Rxf8+ Kxf8 36. Rb1 Be8 37. Rb8 Kf7 38. Rxe8 Kg6
39. Qe6# {Black checkmated} 1-0

[Event "ICC tourney 2069 (15 5)"]
[Site "Internet Chess Club"]
[Date "2020.10.18"]
[Round "3"]
[White "guineapig25"]
[Black "StevenRojasS"]
[Result "1-0"]
[ICCResult "Black checkmated"]
[WhiteElo "2022"]
[BlackElo "1682"]
[Opening "Ruy Lopez: Anderssen variation"]
[ECO "C77"]
[NIC "RL.12"]
[Time "14:09:21"]
[TimeControl "900+5"]

1. e4 e5 2. Nf3 Nc6 3. Bb5 a6 4. Ba4 Nf6 5. d3 b5 6. Bb3 Bc5 7. c3 d6 8. O-O
O-O 9. Re1 h6 10. Nbd2 Re8 11. Nf1 Bb6 12. Ng3 Ne7 13. d4 Ng6 14. h3 c5 15.
d5 c4 16. Bc2 Nf4 17. Be3 Bxe3 18. fxe3 N4h5 19. Nf5 Bxf5 20. exf5 e4 21.
Nd4 Nxd5 22. Qxh5 Qf6 23. Qe2 Rac8 24. a4 b4 25. Qd2 b3 26. Bd1 Ne7 27. Rf1
Rc5 28. Be2 Qg5 29. Rae1 Nd5 30. Bd1 Nb6 31. Rf4 Nxa4 32. Rg4 Qf6 33. Rf1
Rce5 34. h4 d5 35. h5 Nc5 36. Be2 Kh7 37. Qe1 a5 38. Qg3 a4 39. Qh3 Nd3 40.
Bxd3 exd3 41. Rg6 Rxe3 42. Rxf6 Rxh3 43. Rxf7 d2 44. Ne6 Rd3 45. Rd1 a3 46.
Rxg7+ Kh8 47. bxa3 b2 48. Rb7 d4 49. Rxb2 dxc3 50. Rc2 Re3 51. Kf2 Re5 52.
g4 Rg8 53. Rxc3 Rxg4 54. Rxd2 Rxf5+ 55. Rf3 Rxf3+ 56. Kxf3 Rh4 57. Nf4 Kg7
58. Rc2 Rh1 59. Rxc4 Ra1 60. a4 Kf6 61. Rc6+ Kg5 62. Rc5+ Kf6 63. a5 Rf1+
64. Ke3 Re1+ 65. Kd4 Ra1 66. Nd3 Ra4+ 67. Kd5 Kg5 68. Kc6+ Kg4 69. Kb5 Rd4
70. Nb4 Rd8 71. a6 Rb8+ 72. Ka5 Ra8 73. Nc6 Rf8 74. a7 Rf1 75. Kb6 Rb1+ 76.
Kc7 Ra1 77. Ra5 Rxa5 78. Nxa5 Kxh5 79. a8=Q Kg6 80. Qd5 h5 81. Qe4+ Kg5 82.
Qh1 h4 83. Nc4 Kg4 84. Ne3+ Kg3 85. Nf1+ Kf2 86. Qxh4+ Kg1 87. Kd6 Kg2 88.
Qg3+ Kh1 89. Qh2# {Black checkmated} 1-0

[Event "ICC tourney 2069 (15 5)"]
[Site "Internet Chess Club"]
[Date "2020.10.18"]
[Round "3"]
[White "HiHiItsByeBye"]
[Black "pauldepstein"]
[Result "0-1"]
[ICCResult "White checkmated"]
[WhiteElo "1231"]
[BlackElo "1206"]
[Opening "Four knights: Italian variation"]
[ECO "C47"]
[NIC "KP.06"]
[Time "14:21:24"]
[TimeControl "900+5"]

1. e4 e5 2. Nf3 Nc6 3. Nc3 Nf6 4. Bc4 d6 5. d3 Be7 6. Be3 O-O 7. Qd2 h6 8.
O-O-O Ng4 9. Rhg1 Nxe3 10. Qxe3 Na5 11. Bd5 c6 12. Bc4 Nxc4 13. dxc4 f5 14.
c5 fxe4 15. Nxe4 d5 16. Ned2 e4 17. Nxe4 Qa5 18. Nd6 Bxd6 19. cxd6 Qxa2 20.
Qc3 Bf5 21. Nd4 Bd7 22. Rge1 Qa1+ 23. Kd2 Qa6 24. Ra1 Qb6 25. Rab1 Rxf2+ 26.
Re2 Rxe2+ 27. Nxe2 Qf2 28. Qg3 Qxg3 29. Nxg3 Rf8 30. Rf1 Rxf1 31. Nxf1 Kf7
32. Ke3 Ke6 33. Kf4 Kxd6 34. b4 b6 35. c3 c5 36. Nd2 cxb4 37. cxb4 Kc6 38.
Ke5 Be8 39. Nb1 Bf7 40. Nc3 a5 41. b5+ Kc5 42. g3 Kc4 43. Na4 Kxb5 44. Nc3+
Kb4 45. Nxd5+ Bxd5 46. Kxd5 a4 47. Kd4 Kb3 48. Ke5 a3 49. h4 a2 50. Kf5 a1=Q
51. g4 Kc4 52. Kg6 Qf6+ 53. Kh7 Kd5 54. h5 Ke6 55. g5 Qxg5 56. Kh8 Kf7 57.
Kh7 Qf5+ 58. Kh8 Qc8+ 59. Kh7 Qg8# {White checkmated} 0-1

[Event "ICC tourney 2069 (15 5)"]
[Site "Internet Chess Club"]
[Date "2020.10.18"]
[Round "3"]
[White "JadeTooth"]
[Black "adimaj"]
[Result "0-1"]
[ICCResult "White forfeits on time"]
[WhiteElo "1503"]
[BlackElo "1519"]
[Opening "Sicilian: closed, Korchnoi variation"]
[ECO "B23"]
[NIC "SI.44"]
[Time "14:09:50"]
[TimeControl "900+5"]

1. e4 c5 2. Nc3 e6 3. g3 d5 4. exd5 exd5 5. d4 Be6 6. Bg2 c4 7. Nge2 Nf6 8.
Nf4 Bb4 9. Bd2 O-O 10. O-O Bxc3 11. Bxc3 Nc6 12. Re1 Re8 13. Nxe6 Rxe6 14.
Rxe6 fxe6 15. Qe2 Qd7 16. Bh3 Re8 17. Re1 Ne4 18. f3 Ng5 19. Bg4 Qf7 20. h4
h5 21. hxg5 hxg4 22. fxg4 b5 23. Rf1 Qg6 24. Qf2 b4 25. Bd2 e5 26. dxe5 Nxe5
27. Re1 Nxg4 28. Rxe8+ Qxe8 29. Qf5 Qe2 30. Qxd5+ Kh7 31. g6+ Kxg6 32. Qg5+
Kf7 33. Qf4+ Ke6 34. Bxb4 Qh2+ 35. Kf1 Qh1+ 36. Ke2 Qg2+ 37. Kd1 Nf2+ 38.
Kc1 Qf1+ 39. Kd2 Qd1+ 40. Ke3 Ng4+ 41. Ke4 Nf6+ {White forfeits on time} 0-1

[Event "ICC tourney 2069 (15 5)"]
[Site "Internet Chess Club"]
[Date "2020.10.18"]
[Round "3"]
[White "blueocean07"]
[Black "Ojas2020"]
[Result "1-0"]
[ICCResult "Black resigns"]
[WhiteElo "1262"]
[BlackElo "1379"]
[Opening "QGD Slav: exchange variation, 6.Bf4 Bf5"]
[ECO "D14"]
[NIC "SL.01"]
[Time "14:09:35"]
[TimeControl "900+5"]

1. d4 d5 2. c4 c6 3. Nc3 Nf6 4. cxd5 cxd5 5. Bf4 Nc6 6. Nf3 Bf5 7. e3 e6 8.
Be2 Bb4 9. Qb3 Bxc3+ 10. Qxc3 O-O 11. O-O Ne4 12. Qb3 Na5 13. Qb5 b6 14.
Rac1 Qe8 15. Ne5 Qxb5 16. Bxb5 Rfc8 17. Ba6 Rxc1 18. Rxc1 f6 19. Nf3 g5 20.
Bc7 Bg6 21. b4 Nc4 22. Bxc4 dxc4 23. Rxc4 Rc8 24. Rc6 Kf7 25. d5 exd5 26.
Nd4 Nd6 27. Bxd6 Rxc6 28. Nxc6 Bb1 29. a3 Ke6 30. Bb8 Kd7 31. Nxa7 g4 32.
Kf1 Ke6 33. Ke2 Kf5 34. Bc7 Ke4 35. Bxb6 Bd3+ 36. Kd2 Bf1 37. g3 Kf3 38. Ke1
Bh3 39. Bd4 f5 40. b5 Kg2 41. b6 Kxh2 42. b7 {Black resigns} 1-0

[Event "ICC tourney 2069 (15 5)"]
[Site "Internet Chess Club"]
[Date "2020.10.18"]
[Round "3"]
[White "caratclownery"]
[Black "challenger2010"]
[Result "1-0"]
[ICCResult "Black checkmated"]
[WhiteElo "1926"]
[BlackElo "2130"]
[Opening "Sicilian: dragon variation"]
[ECO "B70"]
[NIC "SI.15"]
[Time "14:09:16"]
[TimeControl "900+5"]

1. e4 c5 2. Nf3 d6 3. d4 cxd4 4. Nxd4 Nf6 5. Nc3 g6 6. Bc4 Bg7 7. O-O O-O 8.
Bg5 Nc6 9. Nxc6 bxc6 10. f4 Qb6+ 11. Kh1 Qxb2 12. Qd3 Ng4 13. e5 Qxa1 14.
Rxa1 Nf2+ 15. Kg1 Nxd3 16. cxd3 dxe5 17. fxe5 Bxe5 18. Rc1 Be6 19. Bxe6 fxe6
20. Ne4 Bd4+ 21. Kh1 Rf5 22. h4 Raf8 23. Rxc6 Rf1+ 24. Kh2 Be5+ 25. g3 Rb8
26. Bh6 Bg7 27. Bc1 Bd4 28. Bh6 Bg7 29. Bc1 Rd1 30. Kh3 h5 31. Ba3 Rh1+ 32.
Kg2 Ra1 33. Bxe7 Rxa2+ 34. Kf3 Ra5 35. Bc5 Rd8 36. Kf4 Bd4 37. Bxd4 Rxd4 38.
Rxe6 Rxd3 39. Rxg6+ Kf7 40. Rh6 Ra4 41. Rxh5 Rdd4 42. Re5 a5 43. Kf5 Ra1 44.
Ng5+ Kg8 45. Re8+ Kg7 46. Re7+ Kf8 47. Ra7 Rd5+ 48. Ke6 Rb5 49. Nh7+ Ke8 50.
Ra8+ Rb8 51. Rxb8# {Black checkmated} 1-0

[Event "ICC tourney 2069 (15 5)"]
[Site "Internet Chess Club"]
[Date "2020.10.18"]
[Round "3"]
[White "hi321"]
[Black "carokantor"]
[Result "1-0"]
[ICCResult "Black checkmated"]
[WhiteElo "1448"]
[BlackElo "1658"]
[Opening "Caro-Kann: exchange variation"]
[ECO "B13"]
[NIC "CK.02"]
[Time "14:09:30"]
[TimeControl "900+5"]

1. e4 c6 2. d4 d5 3. exd5 cxd5 4. Nf3 g6 5. Nc3 Bg7 6. Bf4 Nc6 7. Bb5 Nh6 8.
Qd2 Nf5 9. g4 Nd6 10. Bxd6 Qxd6 11. h3 O-O 12. Bxc6 bxc6 13. O-O-O f6 14.
Rhe1 e5 15. Kb1 e4 16. Nh4 f5 17. gxf5 gxf5 18. Rg1 Kh8 19. f3 Bd7 20. f4
Bh6 21. Rdf1 Rg8 22. Ne2 Qe7 23. Ng2 Rg6 24. Ne3 Rag8 25. Rxg6 Rxg6 26. c4
Be6 27. cxd5 cxd5 28. Qa5 Qd7 29. Nc3 Bg7 30. Rd1 Rg3 31. Nexd5 Rxh3 32. Qc5
Rh2 33. Ne3 Qb7 34. Nc2 e3 35. Re1 Qg2 36. Nd1 e2 37. Nde3 Qe4 38. Qb5 Bxd4
39. Qe8+ Kg7 40. Qe7+ Kh6 41. Qg5# {Black checkmated} 1-0

[Event "ICC tourney 2069 (15 5)"]
[Site "Internet Chess Club"]
[Date "2020.10.18"]
[Round "3"]
[White "TjkTiger"]
[Black "searchforbobby1"]
[Result "1-0"]
[ICCResult "Black resigns"]
[WhiteElo "2602"]
[BlackElo "2018"]
[Opening "English opening"]
[ECO "A13"]
[NIC "EO.64"]
[Time "14:09:36"]
[TimeControl "900+5"]

1. c4 e6 2. Nc3 f5 3. a3 Nf6 4. d4 d5 5. Nf3 c6 6. Bf4 Bd6 7. Bxd6 Qxd6 8.
g3 Nbd7 9. Bg2 O-O 10. O-O b6 11. Qc2 Ne4 12. cxd5 exd5 13. Ne1 Ba6 14. Nd3
Rac8 15. Rac1 h6 16. Rfe1 Qf6 17. Qa4 Nxc3 18. Qxa6 Ne4 19. Qxa7 Qd6 20. Qa4
Kh7 21. e3 h5 22. Qc2 h4 23. f3 hxg3 24. fxe4 fxe4 25. Nf4 g5 26. Nh3 gxh2+
27. Kh1 Qg3 28. Qe2 Kg6 29. Rf1 Rh8 30. Qf2 Qxf2 31. Nxf2 Nf6 32. Bh3 Rc7
33. Kg2 Rh4 34. Kxh2 g4 35. Kg3 Kg5 36. Nxg4 Nxg4 37. Rf5+ Kxf5 38. Kxh4
Rh7+ 39. Kg3 Rxh3+ 40. Kxh3 Nxe3 41. Kg3 Nc4 42. Rc2 c5 43. dxc5 bxc5 44. a4
Ke5 45. Rxc4 dxc4 46. a5 Kd6 47. Kf4 Kc6 48. Kxe4 Kb5 49. Kd5 Kxa5 50. Kxc5
Ka6 51. Kxc4 Kb6 52. Kb4 {Black resigns} 1-0